 Dungeon Crawl Stone Soup version 0.29-a0-1027-gcd8c55af63 (webtiles) character file.

Game seed: 9362847127703794372

22220 xian the Covert (level 12, -24/62 HPs)
             Began as a Spriggan Ice Elementalist on Aug 13, 2022.
             Annihilated by an ironbound frostheart (27 damage)
             ... in an ice cave.
             The game lasted 00:53:28 (15586 turns).

xian the Covert (Spriggan Ice Elementalist)        Turns: 15586, Time: 00:53:29

Health: -24/62     AC: 17    Str:  4    XL:     12   Next: 61%
Magic:  42/46      EV: 24    Int: 27    God:
Gold:   723        SH: 11    Dex: 25    Spells: 22/31 levels left

rFire   . . .      SeeInvis +   e - +7 dagger of the Morning {flame, rElec}
rCold   . . .      Faith    .   y - +2 buckler of Demonic Salvation {rElec Dex+4}
rNeg    . . .      Spirit   .   T - +2 robe {Archmagi}
rPois   .          Reflect  .   S - +3 hat of Pondering {ponderous, Will+ MP+10 Int+5}
rElec   +          Harm     .   (no cloak)
rCorr   .          Rampage  .   (gloves unavailable)
Will    +++..      Archmagi +   (boots unavailable)
Stlth   ++++++....              p - amulet of the acrobat
HPRegen 0.20/turn               o - ring of magical power
MPRegen 0.30/turn               x - +6 ring of dexterity

@: ice-armoured, about to teleport, frozen, freezing walls
A: very small, no large weapons, unfitting armour, see invisible, speed 3
a: no special abilities


You were in an ice cave.
You visited 2 branches of the dungeon, and saw 12 of its levels.
You also visited: Ice Cave.

You collected 790 gold pieces.
You spent 67 gold pieces at shops.

Inventory:

Hand Weapons
 e - the +7 dagger of the Morning (weapon) {flame, rElec}
   (You found it on level 3 of the Dungeon)

   It burns those it strikes, dealing additional fire damage.
   rElec:     It insulates you from electricity.
Missiles
 u - 4 throwing nets
 D - 8 boomerangs
 G - 32 poisoned darts (quivered)
Armour
 y - the +2 buckler of Demonic Salvation (worn) {rElec Dex+4}
   (You found it on level 5 of the Dungeon)

   Dex:       It affects your dexterity (+4).
   rElec:     It insulates you from electricity.
 S - the +3 hat of Pondering (worn) {ponderous, Will+ MP+10 Int+5}
   (You took it off Gastronok on level 1 of the Lair of Beasts)

   Int:       It affects your intelligence (+5).
   MP:        It affects your magic capacity (+10).
   Will:      It increases your willpower.
 T - a +2 robe of the Archmagi (worn)
Jewellery
 o - a ring of magical power (left hand)
 p - an amulet of the acrobat (around neck)
 q - an amulet of magic regeneration
 x - a +6 ring of dexterity (right hand)
 H - a ring of magical power
 M - an amulet of regeneration
Wands
 z - a wand of flame (23)
 J - a wand of mindburst (5)
 L - a wand of iceblast (8)
 N - a wand of polymorph (8)
 P - a wand of light (11)
Scrolls
 d - 4 scrolls of immolation
 f - 2 scrolls of vulnerability
 h - 4 scrolls of amnesia
 i - 2 scrolls of summoning
 l - 5 scrolls of blinking
 m - 5 scrolls of magic mapping
 n - 5 scrolls of teleportation
 r - 2 scrolls of fog
 s - 2 scrolls of poison
 v - 2 scrolls of fear
 B - a scroll of brand weapon {unknown}
 C - 2 scrolls of enchant armour
 I - 2 scrolls of enchant weapon
 R - a scroll of acquirement {unknown}
Potions
 b - a potion of magic
 c - 11 potions of curing
 g - 3 potions of berserk rage
 j - a potion of might
 k - a potion of heal wounds
 t - 2 potions of mutation {unknown}
 w - 2 potions of haste {unknown}
 A - 4 potions of ambrosia
 E - 4 potions of flight {unknown}
 F - 2 potions of brilliance {unknown}
 K - 2 potions of attraction {unknown}
 O - 2 potions of lignification {unknown}
 Q - a potion of invisibility {unknown}


   Skills:
 * Level 6.6 Fighting
 * Level 9.7 Short Blades
 + Level 1.7 Throwing
 + Level 7.6 Dodging
 * Level 13.2 Stealth
 * Level 6.9 Shields
 + Level 10.4 Spellcasting
 + Level 7.3 Ice Magic
 + Level 0.2 Evocations


You had 22 spell levels left.
You knew the following spells:

 Your Spells              Type           Power      Damage    Failure   Level
a - Freeze                Ice            100%       1d11      1%          1
b - Frozen Ramparts       Ice            100%       1d16      1%          3
c - Ozocubu's Armour      Ice            69%        N/A       1%          3
d - Passwall              Tmut/Erth      17%        N/A       11%         2

Your spell library contained the following spells:

 Spells                   Type           Power      Damage    Failure   Level
 Sandblast                Erth           42%        2d11      8%          1
 Hailstorm                Conj/Ice       50%        3d11      16%         4
 Conjure Flame            Conj/Fire      21%        6-21      22%         3
 Ignite Poison            Fire/Tmut/Pois 21%        N/A       22%         3
 Stone Arrow              Conj/Erth      42%        3d9       22%         3
 Summon Guardian Golem    Hex/Summ       21%        N/A       22%         3
 Sticky Flame             Conj/Fire      21%        2d4       58%         4
 Orb of Destruction       Conj           10%        9d6       100%        7
 Spellforged Servitor     Conj/Summ      10%        N/A       100%        7


Dungeon Overview and Level Annotations

Branches:
Dungeon (10/15)            Temple (0/1) D:7            Lair (2/5) D:10
    Orc (0/2) D:9           IceCv (1/1)
  Swamp: Lair:2-3    Shoals: Lair:2-3     Snake: Lair:2-3    Spider: Lair:2-3

Altars:
Ashenzari
Elyvilon
Hepliaklqana
Okawaru
Trog
Wu Jian
Xom
Zin
The Shining One

Shops:
D:1 =   D:3 [   D:5 *   D:10 [

Annotations:
IceCv exclusion: ice statue


Innate Abilities, Weirdness & Mutations

You are very small and have problems with some larger weapons.
You are too small for most types of armour.
You have supernaturally acute eyesight. (SInv)
You cover ground extremely quickly. (Speed+++)


Message History

The death yak is lightly wounded.
The wolf closely misses you.
The ironbound frostheart resists.
The wall freezes the ironbound frostheart!
The ironbound frostheart touches you but does no damage.
The wall freezes the death yak!
The death yak gores you!
The wall freezes the polar bear but does no damage.
You hit the death yak. You burn the death yak.
The death yak is moderately wounded.
The wolf misses you.
As you read the scroll of teleportation, it crumbles to dust.
You feel strangely unstable. The wolf misses you.
The ironbound frostheart resists.
The wall freezes the ironbound frostheart.
You block the ironbound frostheart's attack.
The wall freezes the death yak.
The death yak completely misses you.
The polar bear resists.
The wall freezes the polar bear.
You hit the death yak. You burn the death yak.
The death yak is moderately wounded.
The wall freezes the death yak.
The ironbound frostheart resists.
The wall freezes the ironbound frostheart.
You block the ironbound frostheart's attack.
The wall freezes the death yak but does no damage.
The death yak completely misses you.
The wall freezes the polar bear but does no damage.
You barely miss the death yak.
The death yak is moderately wounded.
The wolf completely misses you.
The wall freezes the wolf.
Unknown command.
You hit the death yak but do no damage.
The death yak is moderately wounded.
You block the wolf's attack.
The wall freezes the ironbound frostheart but does no damage.
The ironbound frostheart calls freezing cold from the walls.
The frost grips you!
* * * LOW HITPOINT WARNING * * *
You are encased in ice.
The ironbound frostheart touches you!
* * * LOW HITPOINT WARNING * * *
The ironbound frostheart freezes you!!
You die... ..# #.## ##..## #..# #....# ##.# ##....# #..# #.....### ÷.## #.......# ..# .hhYY$#

..# . #pYp$# .###
...# ##@h$#
.#≈##≈#.. #$$$$#
##≈≈#≈≈## #$$$:#
##≈≈≈≈≈≈# ##$[)#
.#≈≈≈≈≈≈## #####[=)#
.#≈≈≈≈≈≈≈###.#.##.##
#~~≈≈≈≈≈≈##......##
#~~≈≈≈≈≈≈##.§...##
~~#≈≈≈≈≈##..§°§○.#


You could see 2 death yaks, 2 ironbound frosthearts, a polar bear, a yak and 2
wolves.

Vanquished Creatures
  Gastronok (Lair:1)
  2 two-headed ogres
  4 death yaks (IceCv)
  Joseph (D:7)
  2 cane toads (Lair:1)
  Maggie (D:9)
  3 komodo dragons (Lair:1)
  A rime drake (Lair:1)
  2 trolls
  6 polar bears (IceCv)
  2 hornets (D:8)
  A wraith (D:10)
  A shadow (D:9)
  46 yaks
  A vampire (D:10)
  2 wyverns
  A steam dragon (D:7)
  A water moccasin (Lair:1)
  An orc warrior (D:9)
  2 black bears
  3 sky beasts
  4 ice beasts
  2 ogres
  24 wolves
  4 centaurs
  A phantom (D:4)
  3 kobold brigands
  6 bullfrogs
  A gnoll sergeant (D:8)
  3 necrophages
  2 scorpions
  4 wights (D:8)
  5 killer bees (D:9)
  4 howler monkeys
  A gnoll bouda (D:8)
  3 jellies
  4 orc priests
  6 hounds
  4 iguanas
  5 orc wizards
  A mummy (D:6)
  6 adders
  9 gnolls
  A shadow imp (D:7)
  15 white imps
  An ufetubus (D:6)
  A worm (D:3)
  A dart slug (D:3)
  21 orcs
  2 ball pythons
  11 endoplasms
  6 giant cockroaches
  8 goblins
  5 hobgoblins
  4 jackals (D:3)
  22 kobolds
  3 quokkas
  6 bats
  3 frilled lizards (D:1)
  3 kobold zombies (D:6)
  An orc zombie (D:6)
  11 rats
311 creatures vanquished.

Vanquished Creatures (others)
  2 fungi
  2 plants (Lair:2)
4 creatures vanquished.

Grand Total: 315 creatures vanquished

Notes
Turn   | Place    | Note
-------+----------+-------------------------------------------
     0 | D:1      | xian the Spriggan Ice Elementalist began the quest for the
                  | Orb.
     0 | D:1      | Reached XP level 1. HP: 9/9 MP: 5/5
   168 | D:1      | Reached XP level 2. HP: 12/13 MP: 4/6
   233 | D:1      | Found Ixkuit's Jewellery Boutique.
  1035 | D:1      | Found a faded altar of an unknown god.
  1142 | D:1      | Reached XP level 3. HP: 16/16 MP: 6/8
  1146 | D:1      | Learned a level 3 spell: Frozen Ramparts
  1150 | D:1      | Learned a level 3 spell: Ozocubu's Armour
  3118 | D:3      | Reached XP level 4. HP: 21/21 MP: 10/10
  3140 | D:3      | Found Divas's Antique Armour Emporium.
  3168 | D:3      | Reached skill level 1 in Short Blades
  3523 | D:3      | Identified the +7 dagger of the Morning {flame, rElec}
  3685 | D:3      | Reached XP level 5. HP: 15/24 MP: 10/12
  3698 | D:3      | Reached skill level 1 in Fighting
  3890 | D:3      | Learned a level 2 spell: Passwall
  3916 | D:3      | Reached skill level 1 in Shields
  4172 | D:4      | Reached skill level 4 in Stealth
  4221 | D:4      | Noticed a phantom
  4270 | D:4      | Reached XP level 6. HP: 22/30 MP: 13/13
  4906 | D:4      | Found a glowing golden altar of the Shining One.
  4908 | D:4      | Found a white marble altar of Elyvilon.
  4909 | D:4      | Found a glowing silver altar of Zin.
  5075 | D:5      | Entered Level 5 of the Dungeon
  5084 | D:5      | Reached XP level 7. HP: 34/34 MP: 15/15
  5127 | D:5      | Reached skill level 5 in Spellcasting
  5170 | D:5      | Reached skill level 5 in Stealth
  5391 | D:5      | Found Ralum's General Store.
  5402 | D:5      | Bought a scroll of identify for 28 gold pieces
  5402 | D:5      | Bought 2 poisoned darts for 11 gold pieces
  5402 | D:5      | Bought a scroll of identify for 28 gold pieces
  5558 | D:5      | Identified the +2 buckler of Demonic Salvation {rElec
                  | Dex+4}
  5768 | D:5      | Found an iron altar of Okawaru.
  5783 | D:5      | Found a broken altar of Ashenzari.
  6024 | D:5      | Noticed a yak
  6027 | D:5      | Killed a yak
  6028 | D:5      | Reached XP level 8. HP: 39/39 MP: 17/17
  6241 | D:6      | Reached skill level 5 in Ice Magic
  6429 | D:6      | Reached skill level 6 in Stealth
  6467 | D:6      | Reached skill level 5 in Short Blades
  6940 | D:7      | Reached skill level 7 in Stealth
  6949 | D:7      | Noticed Joseph
  6954 | D:7      | Reached XP level 9. HP: 26/44 MP: 15/19
  6989 | D:7      | Found a staircase to the Ecumenical Temple.
  7343 | D:7      | Killed Joseph
  7344 | D:7      | Reached skill level 8 in Stealth
  7366 | D:7      | Noticed a two-headed ogre
  7391 | D:7      | Killed a two-headed ogre
  7934 | D:8      | Found a bloodstained altar of Trog.
  8047 | D:8      | Paralysed by a hornet for 1 turns
  8287 | D:8      | Reached skill level 9 in Stealth
  8287 | D:8      | Reached XP level 10. HP: 50/50 MP: 22/22
  8524 | D:8      | Identified the +0 ring mail of the Monk {rF+ rC+ Dex-4}
  8536 | D:8      | Found an ornate altar of the Wu Jian Council.
  8846 | D:8      | Reached skill level 5 in Dodging
  9618 | D:9      | Found a staircase to the Orcish Mines.
  9662 | D:9      | Reached skill level 10 in Stealth
  9700 | D:9      | Noticed a two-headed ogre
  9884 | D:9      | Noticed Maggie
  9887 | D:9      | Killed Maggie
  9893 | D:9      | Reached skill level 5 in Shields
 10031 | D:9      | Found a hazy altar of Hepliaklqana.
 10032 | D:9      | Found a shimmering altar of Xom.
 10325 | D:9      | Reached skill level 5 in Fighting
 10455 | D:9      | Killed a two-headed ogre
 10829 | D:10     | Entered Level 10 of the Dungeon
 10921 | D:10     | Reached XP level 11. HP: 55/55 MP: 24/24
 11240 | D:10     | Found a staircase to the Lair.
 11547 | D:10     | Found Hypimor's Armour Boutique.
 11807 | D:10     | Reached skill level 11 in Stealth
 12411 | Lair:1   | Entered Level 1 of the Lair of Beasts
 12438 | Lair:1   | Noticed Gastronok
 12465 | Lair:1   | Killed Gastronok
 13598 | Lair:2   | Reached skill level 12 in Stealth
 13600 | Lair:2   | Reached skill level 1 in Throwing
 13646 | Lair:2   | Found a frozen archway.
 13715 | IceCv    | Entered an ice cave
 13913 | IceCv    | Noticed a death yak
 13913 | IceCv    | Noticed a death yak
 13913 | IceCv    | Noticed a death yak
 13933 | IceCv    | Killed a death yak
 13934 | IceCv    | Reached XP level 12. HP: 51/61 MP: 26/26
 13939 | IceCv    | Killed a death yak
 13943 | IceCv    | Killed a death yak
 14107 | IceCv    | Identified the +0 ring mail of Action {Int+2}
 14475 | IceCv    | Reached skill level 10 in Spellcasting
 14621 | IceCv    | Reached skill level 13 in Stealth
 14910 | IceCv    | Noticed a death yak
 14935 | IceCv    | Killed a death yak
 15569 | IceCv    | Noticed a death yak
 15571 | IceCv    | Noticed an ironbound frostheart
 15573 | IceCv    | Noticed a death yak
 15573 | IceCv    | Noticed an ironbound frostheart
 15586 | IceCv    | HP: 3/62 [ironbound frostheart (11)]
 15586 | IceCv    | Annihilated by an ironbound frostheart

Illustrated notes

Levels and vault maps discovered:
D:1:      scummos_arrival_simple_crosswalls, layout_rooms, serial_shops, shop,
          shapermc_ecumenical_altar_notcrosses, minmay_rat_gold_closets
D:2:      mumra_celtic_spiral_tile, layout_basic
D:3:      layout_basic, serial_shops, shop, serial_corexii_hall,
          corexii_hall_statues_t, corexii_hall_statues_l,
          corexii_hall_statues_s, corexii_hall_statues_deadend,
          palyth_stone_intersect, wad_rectangle_vault
D:4:      layout_rooms, good_gods_temple_1
D:5:      layout_basic, nicolae_overflow_squiral, serial_shops, shop,
          minmay_small_thing
D:6:      layout_cave_pools, minmay_mini_ossuary
D:7:      layout_rooms, minmay_temple_entry_large_hall, minmay_between,
          uniq_joseph
D:8:      layout_cave_pods, mainiacjoe_overflow_paths,
          mainiacjoe_overflow_six_doors_small, kennysheep_generic_room_16
D:9:      layout_basic, regret_index_temple_of_mockery, david_orc_3, uniq_maggie
D:10:     layout_stronghold, erik_lair_island, serial_shops,
          nicolae_shop_statue_plus
Lair:1:   layout_roguey, uniq_gastronok
Lair:2:   layout_cave_pods, portal_ice_cave_entry_imps,
          nicolae_volcano_entry_lava_flow, chequers_serial_rivers_micro_e,
          serial_bayou_pond_a, roderic_carrion_pond, lemuel_fruit_fields,
          grunt_megastairs_5, serial_bayou_shore_b, infiniplex_staircase_pool,
          uniq_sonja
IceCv:    ice_cave_caverns_02

Skill      XL: |  1  2  3  4  5  6  7  8  9 10 11 12 |
---------------+-------------------------------------+-----
Spellcasting   | 3 4 5 6 7 8 9 10 | 10.4
Ice Magic      | 4 5 6 7 |  7.3
Short Blades   | 1 2 3 5 6 7 9 |  9.7
Fighting       | 1 2 3 4 5 6 |  6.6
Shields        | 1 2 3 4 5 6 |  6.9
Dodging        | 3 4 5 6 7 |  7.6
Stealth        | 4 5 7 9 10 12 13 | 13.2
Throwing       | 1 |  1.7
Evocations     | |  0.2

Action                   |  1- 3 |  4- 6 |  7- 9 | 10-12 || total
-------------------------+-------+-------+-------+-------++-------
Melee: Dagger            |    72 |    62 |   159 |   558 ||   851
       Punch             |     1 |     1 |       |       ||     2
Throw: Boomerang         |       |       |     2 |       ||     2
       Dart              |       |       |       |    27 ||    27
 Cast: Freeze            |    47 |    21 |    17 |     5 ||    90
       Frozen Ramparts   |     2 |     5 |    12 |    42 ||    61
       Ozocubu's Armour  |       |     5 |     9 |    36 ||    50
Evoke: Wand              |       |       |     1 |       ||     1
  Use: Scroll            |     4 |     2 |    10 |     4 ||    20
       Potion            |       |       |     3 |     3 ||     6
 Stab: Sleeping          |     7 |     2 |    11 |    19 ||    39
       Distracted        |     1 |       |     1 |     1 ||     3
Armor: Robe              |    11 |     9 |    15 |    51 ||    86
Dodge: Dodged            |    77 |    65 |    99 |   335 ||   576
Block: Buckler           |    12 |     1 |    88 |   271 ||   372

Table legend: (Time is in decaauts)
 A = Elapsed time spent in this place.
 B = Non-inter-level travel time spent in this place.
 C = Inter-level travel time spent in this place.
 D = Time resting spent in this place.
 E = Time spent auto-exploring this place.
 F = Levels seen in this place.
 G = Mean time per level.
                   A        B        C        D        E       F      G
               +--------+--------+--------+--------+--------+-----+--------+
         Total |  12362 |  12196 |    166 |     38 |   9753 |  13 |  950.9 |
       Dungeon |   9649 |   9495 |    154 |     38 |   7572 |  10 |  964.9 |
          Lair |   1072 |   1061 |     11 |      0 |    840 |   2 |  536.0 |
      Ice Cave |   1640 |   1640 |      0 |      0 |   1340 |   1 | 1640.0 |
               +--------+--------+--------+--------+--------+-----+--------+

Top non-repeatable levels by time:
   IceCv: 1640 daAuts
     D:8: 1308 daAuts
     D:3: 1242 daAuts
    D:10: 1204 daAuts
     D:1: 1068 daAuts
     D:2: 974 daAuts
  Lair:1: 970 daAuts
     D:9: 924 daAuts
     D:5: 835 daAuts
     D:7: 801 daAuts
     D:4: 735 daAuts
     D:6: 555 daAuts
  Lair:2: 101 daAuts
